 Dungeon Crawl Stone Soup version 0.29-a0-8-g0446c0dae4 (webtiles) character file.

Game seed: 5797201517071662129

95 kae the Insei (level 4, -2/36 HPs)
             Began as a Draconian Transmuter on Jan 27, 2022.
             Succumbed to a goblin's poison
             ... on level 1 of the Dungeon.
             The game lasted 00:00:57 (1425 turns).

kae the Insei (Draconian Transmuter)                Turns: 1425, Time: 00:00:58

Health: -2/36      AC:  2    Str: 12    XL:     4   Next: 40%
Magic:  5/7        EV: 19    Int: 15    God:
Gold:   30         SH:  0    Dex: 17    Spells: 3/7 levels left

rFire   . . .      SeeInvis .     - Unarmed
rCold   . . .      Faith    .   (shield currently unavailable)
rNeg    . . .      Spirit   .   (armour unavailable)
rPois   x          Reflect  .   (helmet currently unavailable)
rElec   .          Harm     .   (cloak currently unavailable)
rCorr   .          Rampage  .   (gloves currently unavailable)
Will    .....                   (boots currently unavailable)
Stlth   ++........              (no amulet)
HPRegen 0.12/turn               (no ring)
MPRegen 0.10/turn               (no ring)

@: lethally poisoned (-2 -> -33), spider-form
A: venomous fangs, AC +5, tiny, unfitting armour, (cold-blooded)
a: End Transformation


You were on level 1 of the Dungeon.
You were a venomous arachnid creature.
You visited 1 branch of the dungeon, and saw 2 of its levels.

You collected 30 gold pieces.

Inventory:

Missiles
 c - 2 throwing nets
Jewellery
 a - an amulet of magic regeneration
Scrolls
 d - a scroll of summoning {unknown}
Potions
 b - a potion of cancellation {unknown}


   Skills:
 + Level 1.7 Fighting
 + Level 2.1 Dodging
 * Level 3.7 Unarmed Combat
 + Level 2.4 Spellcasting
 * Level 2.9 Transmutations
 * Level 0.9 Poison Magic


You had 3 spell levels left.
You knew the following spells:

 Your Spells              Type           Power      Damage    Failure   Level
a - Beastly Appendage     Tmut           20%        N/A       17%         1
b - Spider Form           Tmut/Pois      7%         N/A       50%         3

Your spell library contained the following spells:

 Spells                   Type           Power      Damage    Failure   Level
 Wereblood                Tmut           10%        N/A       24%         2
 Ice Form                 Ice/Tmut       6%         N/A       89%         4


Dungeon Overview and Level Annotations

Branches:
Dungeon (2/15)

Altars:

Annotations:
D:2 Robin


Innate Abilities, Weirdness & Mutations

You are a venomous arachnid creature.
You have poisonous fangs.
You are tiny and dextrous.
Your spellcasting is less reliable in this form.
Your armour is entirely melded.
You are incapable of wielding weapons or throwing items.
((Your plain brown scales are hard. (AC +5)))
You cannot fit into any form of body armour.
((You are cold-blooded and may be slowed by cold attacks.))


Message History

You climb downwards.
Level annotation: Robin The goblin hits you with a +4 dagger.
The hobgoblin misses you. The goblin misses you.
The goblin hits you with a +4 dagger.
There is a stone staircase leading up here.
Things that are here:
a +0 club; a +0 club; a goblin corpse You hit the goblin.
You kill the goblin!
Robin throws the goblin at you! The hobgoblin barely misses you.
The goblin completely misses you. The goblin misses you.
You hit the quokka but do no damage.
The quokka is poisoned.
The quokka completely misses you. The hobgoblin completely misses you.
The goblin misses you. The goblin hits you with a +4 dagger.
You hit the quokka.
The quokka looks as sick as possible!
The quokka is severely wounded.
You kill the quokka!
Robin roars a battlecry!
The goblins go into a battle-frenzy!
The hobgoblin completely misses you. The goblin misses you.
You hit the goblin.
The goblin is poisoned.
The goblin is moderately wounded.
The goblin completely misses you. The hobgoblin misses you.
The goblin hits you with a +2 dagger of venom.
You are poisoned.
You hit the goblin.
You kill the goblin!
You feel very sick. The hobgoblin completely misses you.
The goblin hits you with a +2 dagger of venom.
You are lethally poisoned!
You are too injured to fight recklessly!
You are too injured to fight recklessly!
You are too injured to fight recklessly!
You feel extremely sick. The rat bites you but does no damage.
The hobgoblin hits you!
* * * LOW HITPOINT WARNING * * *
Robin completely misses you. The goblin closely misses you.
You climb upwards.
You die...

#...............
##.##.....#.....#
##.....###.....###
########..#####
#...†.#
#.........#
#....##
#......÷(.# #....#
#........## #....#
#......gg# #....#
#......rs# #....#
########## ######


You could see a hobgoblin (strong), a goblin (strong) and a rat.

Vanquished Creatures
  4 gnolls (D:2)
  A worm (D:2)
  A dart slug (D:1)
  An orc (D:2)
  3 ball pythons
  2 endoplasms
  A giant cockroach (D:2)
  9 goblins
  3 hobgoblins (D:1)
  9 kobolds
  4 quokkas
  5 bats (D:1)
  A frilled lizard (D:1)
  6 rats
50 creatures vanquished.

Notes
Turn   | Place    | Note
-------+----------+-------------------------------------------
     0 | D:1      | kae the Draconian Transmuter began the quest for the Orb.
     0 | D:1      | Reached XP level 1. HP: 16/16 MP: 3/3
   337 | D:1      | Reached XP level 2. HP: 23/23 MP: 3/5
   814 | D:1      | Reached XP level 3. HP: 28/28 MP: 4/6
   818 | D:1      | Learned a level 3 spell: Spider Form
   935 | D:2      | Reached XP level 4. HP: 23/36 MP: 2/7
  1275 | D:2      | Noticed Robin
  1425 | D:1      | Succumbed to a goblin's poison

Illustrated notes

Levels and vault maps discovered:
D:1:      dpeg_arrival_solitude, layout_rooms
D:2:      layout_basic, uniq_natasha, uniq_robin

Skill      XL: |  1  2 |
---------------+-------+-----
Dodging        | 2 |  2.1
Fighting       | |  1.7
Unarmed Combat | |  3.7
Spellcasting   | |  2.4
Transmutations | |  2.9
Poison Magic   | |  0.9

Action                   |  1- 3 |  4- 6 || total
-------------------------+-------+-------++-------
Melee: Unarmed           |    74 |    41 ||   115
       Kick              |     8 |     2 ||    10
       Tailslap          |     6 |     4 ||    10
       Headbutt          |     3 |       ||     3
       Punch             |     1 |       ||     1
 Cast: Beastly Appendage |    14 |     4 ||    18
       Spider Form       |     2 |     3 ||     5
Armor: Skin              |    23 |    14 ||    37
Dodge: Dodged            |    66 |    51 ||   117

Table legend: (Time is in decaauts)
 A = Elapsed time spent in this place.
 B = Non-inter-level travel time spent in this place.
 C = Inter-level travel time spent in this place.
 D = Time resting spent in this place.
 E = Time spent auto-exploring this place.
 F = Levels seen in this place.
 G = Mean time per level.
                   A        B        C        D        E       F      G
               +--------+--------+--------+--------+--------+-----+--------+
         Total |   1418 |   1393 |     25 |    107 |    992 |   2 |  709.0 |
       Dungeon |   1418 |   1393 |     25 |    107 |    992 |   2 |  709.0 |
               +--------+--------+--------+--------+--------+-----+--------+

Top non-repeatable levels by time:
     D:1: 1021 daAuts
     D:2: 397 daAuts
